AoeStats
← xXxDstroyxXx

Hideout

510036523Analyzed
1v1 RM · 3d ago on Sep 29, 2026· 40m 54s· 2 players
Game mode
Random Map
Map size
Tiny (2 player)
Population
200
Speed
Normal
Resources
Standard
Victory
Conquest
Starting age
Dark Age
Ending age
Imperial Age
RankedLock teamsTeams togetherTeam positionsShared explorationLock speedFull tech treeHidden civsTurbo modeCheats
Victory
Defeat
🇨🇴 Mongols · Colombia
1726
+16
🇦🇷 Spanish · Argentina
1731
-16
xXxDstroyxXx
9:37 Feudal Age
11:38 Double-Bit Axe
14:04 Castle Age
12:10 Horse Collar
17:21 Town Watch
19:30 Bow Saw
22:33 Wheelbarrow
21:45 Loom
22:04 Town Patrol
23:06 Gold Mining
24:02 Hand Cart
28:35 Imperial Age
26:02 Stone Mining
26:46 Ballistics
26:33 Heavy Plow
27:06 Fletching
27:16 Padded Archer Armor
28:00 Thumb Ring
29:00 Stone Shaft Mining
28:16 Gold Mining
28:46 Bloodlines
28:36 Husbandry
29:26 Bodkin Arrow
29:47 Leather Archer Armor
30:25 Parthian Tactics
31:09 Conscription
30:53 Onager
32:15 Bracer
32:26 Forging
32:21 Scale Barding Armor
31:38 Light Cavalry
32:48 Drill
32:39 Heavy Cavalry Archer
34:00 Hussar
35:16 Chain Barding Armor
35:32 Iron Casting
alex_a025
8:35 Loom
10:57 Feudal Age
14:24 Castle Age
14:08 Double-Bit Axe
17:24 Wheelbarrow
17:50 Bow Saw
24:27 Horse Collar
26:07 Heavy Plow
26:51 Hand Cart
30:32 Imperial Age
28:49 Fletching
29:00 Padded Archer Armor
29:10 Town Watch
29:28 Bodkin Arrow
29:38 Elite Skirmisher
30:35 Leather Archer Armor
30:48 Ballistics
31:15 Masonry
32:39 Two-Man Saw
32:18 Ring Archer Armor
31:49 Bracer
33:02 Scale Barding Armor
33:25 Conscription
34:21 Chemistry
35:10 Architecture
35:06 Bloodlines
34:56 Husbandry
35:24 Cavalier
36:28 Chain Barding Armor
36:19 Forging
36:00 Light Cavalry
40:42 Plate Barding Armor
40:43 Iron Casting
Connection lost

Rejoining the realm…

Still unreachable

The connection could not be restored.

Session expired

The server has moved on; the page needs a fresh start.